cohdb
Replays
Latest Replays
All Replays
Popular Replays
Top Player Replays
Match Explorer
How It Works
Community
CoH3 Stats
Reddit
Sign in to upload your games and track your stats! →
Sign in with Steam
Match 41436788
Unlisted
Match 41436788
Overview
Messages
Build Orders
End
Kettenkrad Recon Vehicle
Construct Infanterie Kompanie
Selects Terror Battlegroup
Selects Machine Gun Camouflage
MG 42 Machine Gun Team
MG 42 Machine Gun Team
Grenadier Squad
Grenadier Squad
Construct Luftwaffe Kompanie
Support Elements
Jäger Squad
Wirbelwind Flakpanzer
Jäger Squad
Medical Station
Marder III M Tank Destroyer
MG 42 Machine Gun Team
Selects Defend the Fatherland
Selects King Tiger Heavy Tank
Jäger Squad
Courtuneitor
MR.DOGO-YT
R4md4c
Hurricane
0
0
Comments
sign in to comment!
No comments posted yet!